 Dungeon Crawl Stone Soup version 0.22-a0-580-gd5db89c (webtiles) character file.

192 sking99 the Ruffian (level 5, 0/53 HPs)
             Began as a Troll Monk on July 3, 2018.
             Shot with an arrow by a centaur (11 damage)
             ... on level 4 of the Dungeon.
             The game lasted 00:03:00 (2087 turns).

sking99 the Ruffian (Troll Monk)                    Turns: 2087, Time: 00:03:01

Health: 0/53       AC:  6    Str: 19    XL:     5   Next: 42%
Magic:  4/4        EV:  9    Int:  6    God:
Gold:   201        SH:  0    Dex: 13    Spells: 4/4 levels left

rFire    . . .     SeeInvis .     - Unarmed
rCold    . . .     Gourm    +   (no shield)
rNeg     . . .     Faith    .   a - +0 robe
rPois    .         Spirit   .   (helmet restricted)
rElec    .         Reflect  .   n - +0 cloak
rCorr    .         Harm     .   (gloves unavailable)
MR       .....                  (boots unavailable)
Stlth    +.........             (no amulet)
HPRegen  0.57/turn              (no ring)
MPRegen  0.09/turn              (no ring)

@: heavily drained
A: large, unfitting armour, claws 3, fast metabolism 3, gourmand, regeneration
1, shaggy fur 1, tough skin 2
a: no special abilities


You were on level 4 of the Dungeon.
You were very full.

You visited 1 branch of the dungeon, and saw 4 of its levels.

You collected 201 gold pieces.

Inventory:

Armour
 a - a +0 robe (worn)
 n - a +0 cloak (worn)
Jewellery
 h - a cursed -3 ring of dexterity {unknown}
 k - an uncursed ring of magical power {unknown}
 m - an uncursed amulet of harm {unknown}
Wands
 q - a wand of digging (9)
Scrolls
 o - a scroll of teleportation
Potions
 c - 2 potions of haste
 d - a potion of brilliance {unknown}
 e - 2 potions of lignification
 f - 2 potions of heal wounds {unknown}
 g - a potion of invisibility {unknown}
 j - 2 potions of might {unknown}
Comestibles
 b - 7 rations


   Skills:
 + Level 3.5(2.0) Fighting
 - Level 2.4(0.9) Dodging
 - Level 1.0(0.0) Stealth
 * Level 5.3(3.8) Unarmed Combat


You had 4 spell levels left.
You didn't know any spells.
Your spell library was empty.

Dungeon Overview and Level Annotations

Branches:
Dungeon (4/15)
 Temple: D:4-7

Altars:
Fedhas
Kikubaaqudgha
Trog
Wu Jian
Xom
Yredelemnul


Innate Abilities, Weirdness & Mutations

You are too large for most types of armour.
You have claws for hands.
Your metabolism is lightning-fast.
You like to eat raw meat.
Your natural rate of healing is unusually fast.
You are covered in fur. (AC +1)
You have very tough skin. (AC +2)


Message History

The centaur shoots an arrow.
The arrow barely misses you.
You scratch the bush.
The bush is lightly damaged.
The centaur shoots an arrow.
The arrow hits you!
You claw the bush!
The bush is moderately damaged.
The centaur unwields an uncursed shortbow.
The centaur hits the bush!
The centaur wields an uncursed shortbow.
The centaur shoots an arrow.
The arrow hits you!
* * * LOW HITPOINT WARNING * * *
You see here 3 arrows.
The centaur unwields an uncursed shortbow.
The centaur hits something but does no damage.
The centaur hits the bush.
You claw the giant cockroach!
You kill the giant cockroach!
The centaur wields an uncursed shortbow.
The centaur shoots an arrow.
The arrow hits you!
You die...

* *********####***#####**..#
*, * *,,,,,,,,,...,,,,...#
*#.# *, **
*,****,,,,..#****##.## #.# *,
,* *,* *,PP,P.# ##...###.# *,
,* *,****,P_PP.# ##.....##.##
*, ,*
*,,,..P.PcP.####..........###,
,*
*<**#.P.PPP.##..........#...#.
,***,*
*#.....(##.#.......###..#.
*,**,* ######.(@.##.....##
##... **,,,*
####.###...#.#*#..## *,****
***#.# ######.#.#<#* ,**
*,,..# #....... ,*** *,*###
#.#.#.## ,,,* *******,*******
#>#.#.# ,*,*****,,,,,,,,,,,,,*
#,#,#.#
,*,*,,,,,,,,,,,,,***,**
*,*,#.#
,,,,,***,*****,,,**,*,**
*,*,#.#


You could see a centaur.

Vanquished Creatures
  An iguana (D:3)
  Natasha (D:3)
  Terence (D:2)
  4 adders (D:2)
  An ooze (D:1)
  3 worms
  3 dart slugs (D:1)
  An orc (D:3)
  4 bats (D:1)
  9 giant cockroaches
  6 goblins
  2 hobgoblins
  4 jackals
  A ball python (D:2)
  3 frilled lizards
  8 kobolds
  8 rats
60 creatures vanquished.

Notes
Turn   | Place    | Note
-------+----------+-------------------------------------------
     0 | D:1      | sking99 the Troll Monk began the quest for the Orb.
     0 | D:1      | Reached XP level 1. HP: 22/22 MP: 0/0
    51 | D:1      | Reached XP level 2. HP: 29/29 MP: 1/1
   273 | D:1      | Reached XP level 3. HP: 36/36 MP: 2/2
   295 | D:1      | Reached skill level 4 in Unarmed Combat
   675 | D:2      | Reached XP level 4. HP: 45/45 MP: 3/3
   804 | D:2      | You fall through a shaft!
   854 | D:3      | Found a bloodstained altar of Trog.
   855 | D:3      | Found a basalt altar of Yredelemnul.
  1075 | D:2      | Noticed Terence
  1091 | D:2      | Killed Terence
  1328 | D:3      | Found a shimmering altar of Xom.
  1491 | D:3      | Found an ornate altar of the Wu Jian Council.
  1492 | D:3      | Found an ancient bone altar of Kikubaaqudgha.
  1538 | D:3      | Reached skill level 5 in Unarmed Combat
  1538 | D:3      | Reached XP level 5. HP: 24/53 MP: 4/4
  1835 | D:3      | Noticed Natasha
  1847 | D:3      | Killed Natasha
  2074 | D:4      | Found a blossoming altar of Fedhas.
  2074 | D:4      | Noticed a centaur
  2087 | D:4      | Shot with an arrow by a centaur

Vault maps used:
D:1:      shiori_shiawase
D:2:      uniq_terence
D:3:      grunt_temple_overflow_open, gammafunk_temple_overflow_statue,
          first_ration, xom_teletrap_fun, uniq_natasha
D:4:      fedhas_bush_and_centaur_altar, kennysheep_mini, enter_ossuary_1

Skill      XL: |  1  2  3  4 |
---------------+-------------+-----
Unarmed Combat | 4 5 |  5.3
Fighting       | 3 |  3.5
Dodging        | |  2.4
Stealth        | |  1.0

Action                   |  1- 3 |  4- 6 || total
-------------------------+-------+-------++-------
Melee: Unarmed           |    75 |    98 ||   173
       Punch             |     2 |     2 ||     4
  Use: Scroll            |       |     6 ||     6
 Stab: Sleeping          |       |     1 ||     1
  Eat: Chunk             |    12 |    12 ||    24
Armor: Robe              |    25 |    30 ||    55
Dodge: Dodged            |    35 |    50 ||    85

Table legend:
 A = Spawn XP
 B = Non-spawn XP
 C = Spawn XP percentage of total XP
 D = Spawn monster count
 E = Non-spawn monster count
 F = Spawn count percentage of total count
 G = Total turns spent on level
                    A         B        C        D         E        F      G
               +---------+---------+-------+---------+---------+-------+---------
         Total |       0 |     275 |   0.0 |       0 |      60 |   0.0 |  2087
               +---------+---------+-------+---------+---------+-------+---------
           D:1 |       0 |      55 |   0.0 |       0 |      25 |   0.0 |   554
           D:2 |       0 |     121 |   0.0 |       0 |      22 |   0.0 |   669
           D:3 |       0 |      97 |   0.0 |       0 |      12 |   0.0 |   825
           D:4 |       0 |       2 |   0.0 |       0 |       1 |   0.0 |    39
               +---------+---------+-------+---------+---------+-------+---------
